 Dungeon Crawl Stone Soup version 0.21.1-1-g345015f (webtiles) character file.

27046 robertstho the Severer (level 13, -8/119 HPs)
             Began as a Hill Orc Berserker on Feb 26, 2018.
             Was a High Priest of Trog.
             Mangled by a phantasmal warrior (15 damage)
             ... led by a death knight
             ... on level 13 of the Dungeon.
             The game lasted 00:28:21 (12681 turns).

robertstho the Severer (Hill Orc Berserker)        Turns: 12681, Time: 00:28:22

Health: -8/119     AC: 24    Str: 21    XL:     13   Next: 29%
Magic:  2/13       EV:  9    Int:  7    God:    Trog [*****.]
Gold:   614        SH:  0    Dex: 16    Spells: 12/12 levels left

rFire    . . .     SeeInvis .   N - +1 battleaxe (freeze)
rCold    . . .     Gourm    .   (shield currently unavailable)
rNeg     + . .     Faith    .   F - +0 plate armour
rPois    .         Spirit   .   z - +0 helmet
rElec    .         Reflect  .   J - +2 cloak
rCorr    .         Harm     .   x - +0 pair of gloves
MR       .....                  l - +1 pair of boots
Stlth    ..........             (no amulet)
HPRegen  0.29/turn              y - +2 ring of dexterity
MPRegen  0.13/turn              b - ring of positive energy

@: berserk cooldown, slowed, very slow
A: no striking features
a: Berserk, Trog's Hand, Brothers in Arms, Burn Spellbooks, Renounce Religion


You were on level 13 of the Dungeon.
You worshipped Trog.
Trog was extremely pleased with you.
You were hungry.

You visited 1 branch of the dungeon, and saw 13 of its levels.

You collected 614 gold pieces.

Inventory:

Hand Weapons
 m - a +2 mace of draining
 n - a +4 antimagic dire flail
 s - a +1 hand crossbow
 E - a +1 war axe of holy wrath
 G - a +1 whip of freezing
 I - a +4 quarterstaff of chaos
 N - a +1 battleaxe of freezing (weapon)
 P - a +4 scimitar of flaming
Missiles
 h - 102 bolts
 D - 94 sling bullets
Armour
 j - a +0 ring mail of fire resistance
 l - a +1 pair of boots (worn)
 x - a +0 pair of gloves (worn)
 z - a +0 helmet (worn)
 F - a +0 plate armour (worn)
 J - a +2 cloak (worn)
Jewellery
 b - a ring of positive energy (right hand)
 t - an uncursed ring of flight
 y - a +2 ring of dexterity (left hand)
 R - an uncursed ring of resist corrosion
Wands
 a - a wand of iceblast (16)
 u - a wand of clouds (5)
 K - a wand of paralysis (23)
 Y - a wand of scattershot (6)
 Z - a wand of polymorph (8)
Scrolls
 f - 4 scrolls of enchant weapon
 k - 3 scrolls of teleportation
 o - a scroll of fear
 H - a scroll of acquirement {unknown}
 M - a scroll of vulnerability {unknown}
 O - a scroll of blinking
 Q - a scroll of summoning {unknown}
 S - a scroll of enchant armour
 V - a scroll of fog
 X - a scroll of remove curse
Potions
 e - a potion of berserk rage
 g - a potion of agility
 i - 3 potions of haste
 p - a potion of ambrosia {unknown}
 r - a potion of might {unknown}
 A - 2 potions of mutation {unknown}
 B - 2 potions of flight {unknown}
 C - 3 potions of curing
 L - 2 potions of lignification
 U - a potion of cancellation {unknown}
 W - a potion of magic {unknown}
Comestibles
 c - 19 rations
 d - 6 chunks of flesh


   Skills:
 * Level 12.4 Fighting
 * Level 19.5 Axes
 + Level 1.6 Crossbows
 * Level 11.3 Armour
 + Level 3.8 Dodging
 + Level 1.2 Stealth


You had 12 spell levels left.
You didn't know any spells.

Dungeon Overview and Level Annotations

Branches:
Dungeon (13/15)            Temple (0/1) D:7            Lair (0/6) D:10
    Orc (0/2) D:12
 Vaults: D:13-14

Altars:
Cheibriados
Dithmenos
Fedhas
Gozag
Nemelex Xobeh
Okawaru
Ru
Wu Jian
Zin
The Shining One

Shops:
D:4 %


Message History

You slash the phantasmal warrior! You freeze the phantasmal warrior.
The phantasmal warrior is moderately damaged.
You slash the freezing wraith! The freezing wraith barely misses you.
The freezing wraith hits you. The freezing wraith drains your vigour!
You feel as though you will be slow longer.
The phantasmal warrior hits you but does no damage.
The freezing wraith hits you!
* * * LOW HITPOINT WARNING * * *
The freezing wraith freezes you!!
* * * LOW HITPOINT WARNING * * *
The freezing wraith hits you but does no damage.
You feel much better. The phantasmal warrior hits you.
* * * LOW HITPOINT WARNING * * *
The freezing wraith hits you!
* * * LOW HITPOINT WARNING * * *
The freezing wraith freezes you!
* * * LOW HITPOINT WARNING * * *
The freezing wraith hits you but does no damage.
The phantasmal warrior hits you!
You die...

.# #..# #......... .#
#..# #.......... .# #..#
#.......... .# #..#
#.......... .#
#..#####..........
.#######.................
..............(().....#
.........######.W.....#
.........# #.@W....#
########.# #.......# #.#
#..(....##### #.#
#............ #.#
#............ #.#
#............
#..#####..... #...# .....
#... ....


You could see a phantasmal warrior and a freezing wraith.

Vanquished Creatures
  Erica (D:11)
  5 two-headed ogres
  2 centaur warriors
  The ghost of Chopsticks the Cleaver, a novice MiBe of Trog (D:9)
  2 unseen horrors
  Pikel (D:7)
  An ugly thing (D:12)
  A manticore (D:9)
  4 cyclopes
  Joseph (D:7)
  A gargoyle (D:12)
  A komodo dragon (D:11)
  3 kobold demonologists (D:12)
  An efreet (D:13)
  4 trolls
  A hornet (D:11)
  12 slime creatures (D:12)
  3 hippogriffs
  A shadow (D:11)
  A water elemental (D:11)
  A wyvern (D:10)
  3 hogs (D:7)
  15 yaks
  A vampire (D:9)
  A human (D:7)
  The ghost of wang the Twirler, an amateur DsGl (D:4)
  Menkaure (D:4)
  3 hungry ghosts
  Edmund (D:4)
  3 water moccasins
  Duvessa (D:6)
  A black bear (D:12)
  3 orc warriors
  2 ice beasts
  2 slaves (D:7)
  5 sky beasts
  4 phantoms
  An eye of draining (D:13)
  2 necrophages
  4 ogres
  2 crocodiles
  8 centaurs
  2 big kobolds (D:12)
  5 bullfrogs
  Dowan (D:6)
  5 scorpions
  14 wights
  4 howler monkeys
  2 centaur zombies
  3 crimson imps
  A bullfrog zombie (D:11)
  A quasit (D:11)
  4 centaur skeletons
  A jelly (D:11)
  3 orc priests
  5 hounds
  9 orc wizards
  Crazy Yiuf (D:7)
  4 bullfrog skeletons
  An iguana (D:5)
  Natasha (thrice) (D:3)
  14 worker ants
  2 killer bee zombies
  2 hound skeletons
  3 worker ant zombies
  3 gnolls (D:2)
  8 adders
  5 shadow imps
  An ooze (D:7)
  An adder skeleton (D:6)
  5 worms
  2 dart slugs
  6 leopard geckos
  31 orcs
  2 giant cockroaches
  7 hobgoblins
  2 jackals (D:3)
  A quokka (D:8)
  2 ball pythons
  4 bats
  7 frilled lizards
  8 goblins
  A jackal skeleton (D:4)
  A jackal zombie (D:6)
  17 kobolds
  A leopard gecko skeleton (D:4)
  11 rats
  A bush (D:5)
  2 fungi (D:7)
331 creatures vanquished.

Vanquished Creatures (collateral kills)
  A rakshasa (D:9)
  A manticore (D:9)
  A wyvern (D:9)
  An orc warrior (D:9)
  A howler monkey (D:9)
  A crimson imp (D:9)
  2 orc priests
  5 orc wizards
  3 orcs (D:12)
16 creatures vanquished.

Grand Total: 347 creatures vanquished

Notes
Turn   | Place    | Note
-------+----------+-------------------------------------------
     0 | D:1      | robertstho the Hill Orc Berserker began the quest for the Orb.
     0 | D:1      | Reached XP level 1. HP: 19/19 MP: 1/1
   328 | D:1      | Reached XP level 2. HP: 11/27 MP: 2/2
   837 | D:2      | Found a sparkling altar of Nemelex Xobeh.
   934 | D:2      | Reached ** piety under Trog
   934 | D:2      | Reached XP level 3. HP: 27/33 MP: 3/3
   969 | D:2      | Reached skill level 5 in Axes
  1265 | D:2      | Found an opulent altar of Gozag.
  1265 | D:2      | Found a sacrificial altar of Ru.
  1274 | D:2      | Found a faded altar of an unknown god.
  1276 | D:2      | Found an iron altar of Okawaru.
  1278 | D:2      | Found a glowing golden altar of the Shining One.
  1393 | D:2      | Reached XP level 4. HP: 29/40 MP: 4/4
  2190 | D:3      | Noticed Natasha
  2198 | D:3      | Killed Natasha
  2198 | D:3      | Reached skill level 6 in Axes
  2198 | D:3      | Reached XP level 5. HP: 47/47 MP: 5/5
  2247 | D:3      | Noticed Natasha
  2252 | D:3      | Killed Natasha
  2252 | D:3      | Reached *** piety under Trog
  2493 | D:3      | Noticed Natasha
  2529 | D:3      | Killed Natasha
  2600 | D:3      | Found an ornate altar of the Wu Jian Council.
  2634 | D:3      | Noticed a phantom
  2641 | D:3      | Reached skill level 7 in Axes
  2643 | D:3      | Reached XP level 6. HP: 37/53 MP: 6/6
  2683 | D:3      | Killed a phantom
  3215 | D:3      | Reached skill level 5 in Fighting
  3228 | D:3      | Reached skill level 1 in Crossbows
  3579 | D:4      | Noticed wang's ghost (amateur DsGl)
  3593 | D:4      | Killed wang's ghost
  3593 | D:4      | Reached skill level 8 in Axes
  3593 | D:4      | Reached XP level 7. HP: 61/61 MP: 7/7
  3659 | D:4      | Found Yhe Qitt's Food Emporium.
  3829 | D:4      | Noticed Menkaure
  3842 | D:4      | Killed Menkaure
  3842 | D:4      | Reached skill level 9 in Axes
  3864 | D:4      | Reached **** piety under Trog
  4181 | D:4      | Found a sacrificial altar of Ru.
  4223 | D:4      | Noticed Edmund
  4233 | D:4      | Killed Edmund
  4233 | D:4      | Reached XP level 8. HP: 70/70 MP: 8/8
  4497 | D:5      | Entered Level 5 of the Dungeon
  4673 | D:5      | Found a snail-covered altar of Cheibriados.
  4758 | D:5      | Reached skill level 5 in Armour
  4763 | D:5      | Found a shadowy altar of Dithmenos.
  4849 | D:5      | Reached skill level 10 in Axes
  5307 | D:6      | Reached XP level 9. HP: 78/78 MP: 9/9
  5324 | D:6      | Reached skill level 11 in Axes
  5327 | D:6      | Noticed Dowan
  5330 | D:6      | Noticed Duvessa
  5330 | D:6      | Killed Dowan
  5340 | D:6      | Killed Duvessa
  5477 | D:6      | Reached skill level 12 in Axes
  6217 | D:7      | Reached ***** piety under Trog
  6381 | D:7      | Reached skill level 13 in Axes
  6483 | D:7      | Noticed Joseph
  6513 | D:7      | Killed Joseph
  6513 | D:7      | Reached XP level 10. HP: 30/88 MP: 10/10
  6775 | D:7      | Noticed Pikel
  6778 | D:7      | Killed Pikel
  6999 | D:7      | Reached skill level 14 in Axes
  7117 | D:7      | Found a staircase to the Ecumenical Temple.
  7208 | D:7      | Found a runed door.
  7213 | D:7      | Noticed Crazy Yiuf
  7218 | D:7      | Killed Crazy Yiuf
  7684 | D:8      | You fall through a shaft!
  7684 | D:9      | Noticed a manticore
  7698 | D:9      | Noticed a centaur warrior
  7698 | D:9      | Noticed a rakshasa
  7703 | D:9      | Killed a manticore
  7712 | D:9      | Killed a centaur warrior
  7712 | D:9      | Reached skill level 1 in Stealth
  7724 | D:9      | Noticed a manticore
  7724 | D:9      | Killed a rakshasa
  7724 | D:9      | Reached skill level 15 in Axes
  7724 | D:9      | Reached XP level 11. HP: 45/97 MP: 11/11
  7727 | D:9      | Killed a manticore
  7777 | D:9      | Noticed Chopsticks's ghost (novice MiBe)
  7777 | D:9      | Noticed a two-headed ogre
  7792 | D:9      | Killed Chopsticks's ghost
  7795 | D:9      | Killed a two-headed ogre
  7999 | D:9      | Found a glowing silver altar of Zin.
  8145 | D:9      | Reached skill level 16 in Axes
  8265 | D:9      | Received a gift from Trog
  8468 | D:10     | Entered Level 10 of the Dungeon
  8499 | D:10     | Found a blossoming altar of Fedhas.
  8524 | D:10     | Found a staircase to the Lair.
  9177 | D:10     | Noticed a two-headed ogre
  9180 | D:10     | Killed a two-headed ogre
  9180 | D:10     | Reached skill level 10 in Fighting
  9407 | D:11     | Noticed a two-headed ogre
  9424 | D:11     | Killed a two-headed ogre
  9438 | D:11     | Noticed Erica
  9786 | D:11     | Killed Erica
  9786 | D:11     | Reached skill level 10 in Armour
  9786 | D:11     | Reached XP level 12. HP: 81/105 MP: 12/12
  9806 | D:11     | Reached skill level 17 in Axes
 10427 | D:11     | Paralysed by a hornet for 1 turns
 10987 | D:12     | Noticed a two-headed ogre
 11017 | D:12     | Killed a two-headed ogre
 11017 | D:12     | Reached skill level 18 in Axes
 11119 | D:12     | Found a staircase to the Orcish Mines.
 11536 | D:12     | Received a gift from Trog
 11550 | D:12     | Reached XP level 13. HP: 58/115 MP: 13/13
 11560 | D:12     | Received a gift from Trog
 11794 | D:12     | Reached skill level 19 in Axes
 12665 | D:13     | Received a gift from Trog
 12681 | D:13     | Mangled by a phantasmal warrior

Skill      XL: |  1  2  3  4  5  6  7  8  9 10 11 12 13 |
---------------+----------------------------------------+-----
Fighting       | 4 5 6 7 9 10 11 12 | 12.4
Axes           | 5 6 7 8 9 10 13 15 16 18 19 | 19.5
Dodging        | 2 3 |  3.8
Armour         | 3 4 5 6 8 10 11 | 11.3
Crossbows      | 1 |  1.6
Stealth        | 1 |  1.2

Action                   |  1- 3 |  4- 6 |  7- 9 | 10-12 | 13-15 || total
-------------------------+-------+-------+-------+-------+-------++-------
Melee: Hand axe          |    88 |   182 |    82 |       |       ||   352
       War axe           |       |       |   268 |   102 |       ||   370
       Battleaxe         |       |       |       |   361 |    92 ||   453
 Fire: Hand crossbow     |       |    26 |     7 |       |       ||    33
Invok: Berserk           |     2 |     6 |     7 |    10 |     1 ||    26
       Trog's Hand       |       |       |     2 |     1 |     1 ||     4
       Burn Spellbooks   |       |       |     1 |       |     1 ||     2
       Brothers in Arms  |       |       |     1 |     2 |       ||     3
  Use: Scroll            |       |       |    12 |     5 |     2 ||    19
       Potion            |       |       |     2 |       |     2 ||     4
 Stab: Sleeping          |     1 |       |       |       |       ||     1
  Eat: Chunk             |     2 |    13 |    12 |    22 |     2 ||    51
       Ration            |       |       |     2 |     2 |     1 ||     5
Armor: Animal skin       |    15 |       |       |       |       ||    15
       Ring mail         |       |    49 |   131 |       |       ||   180
       Skin              |       |       |     1 |       |       ||     1
       Plate armour      |       |       |     7 |   259 |    60 ||   326
Dodge: Dodged            |    49 |   108 |   135 |   173 |    36 ||   501
